 Dungeon Crawl Stone Soup version 0.31-a0-963-ga325b2283a (webtiles) character file.

Game seed: 17779736147846431337

119 strifetoe the Cudgeller (level 4, -7/38 HPs)
             Began as an Armataur Warper on Oct 25, 2023.
             Killed by divine providence
             ... invoked by an orc priest
              (16 damage)
             ... on level 3 of the Dungeon.
             The game lasted 00:02:44 (1445 turns).

strifetoe the Cudgeller (Armataur Warper)           Turns: 1445, Time: 00:02:44

Health: -7/38      AC:  7    Str: 17 (19) XL:     4   Next: 73%
Magic:  6/6        EV:  5    Int: 11 (13) God:
Gold:   39         SH:  0    Dex:  5 (9)  Spells: 6/6 levels left

rFire   . . .        a - +0 mace
rCold   . . .        (no shield)
rNeg    . . .        j - +0 chain mail
rPois   .            (no helmet)
rElec   .            (no cloak)
rCorr   .            (no gloves)
SInv    .            (no barding)
Will    .....        (no amulet) Stlth
                     (no ring)
HPRegen 0.26/turn    (no ring)
MPRegen 0.10/turn

%: roll
@: attractive
A: large, rugged brown scales 3, deformed body, armoured tail, roll, long
tongue, awkward tongue
a: no special abilities


You were on level 3 of the Dungeon.
You visited 1 branch of the dungeon, and saw 3 of its levels.

You collected 39 gold pieces.

Inventory:

Hand Weapons
 a - a +0 mace (weapon)
Missiles
 d - 7 darts of dispersal (quivered)
Armour
 b - a +1 leather armour
 j - a +0 chain mail (worn)
Jewellery
 g - an amulet of faith
Scrolls
 c - a scroll of blinking
Potions
 i - a potion of enlightenment {unknown}


   Skills:
 + Level 2.0 Fighting
 - Level 4.1 Maces & Flails
 - Level 0.8 Throwing
 + Level 1.7 Armour
 - Level 1.3 Dodging
 - Level 1.7 Spellcasting
 + Level 3.2 Translocations


You had 6 spell levels left.
You didn't know any spells.
Your spell library contained the following spells:

 Spells                   Type           Power      Damage    Failure   Level
 Blink                    Tloc           16%        N/A       80%         2
 Lesser Beckoning         Tloc           16%        N/A       80%         2
 Teleport Other           Tloc           8%         N/A       95%         3
 Magic Dart               Conj           0%         1d3       98%         1
 Call Imp                 Summ           0%         N/A       99%         2
 Mephitic Cloud           Conj/Pois/Air  0%         N/A       100%        3
 Manifold Assault         Tloc           8%         N/A       100%        4
 Vhi's Electric Charge    Tloc/Air       8%         N/A       100%        4


Dungeon Overview and Level Annotations

Branches:
Dungeon (3/15)

Altars:
Xom

Shops:
D:2 (


Innate Abilities, Weirdness & Mutations

You are completely covered in rugged brown scales. (AC +3, +7% HP)
Armour fits poorly on your strangely shaped body.
You have a long armoured tail.
You roll when moving toward enemies. (Rampage)
Your long tongue fully drains potion bottles. (2x potion effects)
Your tongue gives you trouble enunciating. (1.5x scroll delay)


Message History

a +0 dagger; an orc corpse You hit the orc.
The orc is heavily wounded.
You barely miss the orc.
The orc is heavily wounded.
The orc hits you with a +0 mace.
The orc priest mumbles some strange prayers to Beogh against you.
Beogh smites you! The rat bites you but does no damage.
You are too injured to fight recklessly!
You are too injured to fight recklessly!
You are too injured to fight recklessly!
You are too injured to fight recklessly!
You are too injured to fight recklessly!
You are too injured to fight recklessly!
You are too injured to fight recklessly!
You are too injured to fight recklessly!
You are too injured to fight recklessly!
Unknown command.
You are too injured to fight recklessly!
There are monsters nearby!
Unknown command.
There is an open door here.
Things that are here:
a +0 short sword; 3 poisoned darts The orc priest mumbles some strange prayers to Beogh against you.
Beogh smites you!
* * * LOW HITPOINT WARNING * * *
Unknown command.
It was a potion of attraction.
You feel attractive to monsters.
You slurp down every last drop of the potion of attraction!
It was a potion of degeneration.
There was something very wrong with that liquid.
You feel weakened.
You feel dopey.
You feel clumsy.
You slurp down every last drop of the potion of degeneration!
The orc barely misses you.
The rat twitches its whiskers.
The orc priest invokes the aid of Beogh against you.
Beogh smites you!
You die...

...... ######## #
#...##+# #......#
#.#......#.+ #......#
#.....<....+ ##......#
####).#....+ ........#
###.)##(...+
........###...## .......
.......g#...#####.......
#.>...ro@...........#+#
#.....o#######.......
#......# #######.
........# ........#
........# ........#
........!


You could see an orc priest, an orc, a hobgoblin and a rat.

Vanquished Creatures
  3 gnolls (D:3)
  3 adders (D:2)
  A worm (D:2)
  3 dart slugs
  An orc (D:3)
  3 endoplasms
  A giant cockroach (D:1)
  2 goblins
  4 hobgoblins
  8 jackals
  5 kobolds
  A quokka (D:1)
  6 ball pythons
  5 bats
  4 frilled lizards
  3 rats
53 creatures vanquished.

Notes
Turn   | Place    | Note
-------+----------+-------------------------------------------
     0 | D:1      | strifetoe the Armataur Warper began the quest for the Orb.
     0 | D:1      | Reached XP level 1. HP: 18/18 MP: 3/3
    81 | D:1      | Reached skill level 2 in Maces & Flails
   162 | D:1      | Reached XP level 2. HP: 25/25 MP: 4/4
   255 | D:1      | Reached skill level 3 in Maces & Flails
   433 | D:1      | Reached XP level 3. HP: 31/31 MP: 5/5
   666 | D:2      | Found Jupowib's Antique Weapon Shop.
   981 | D:2      | Found a shimmering altar of Xom.
  1011 | D:2      | Reached XP level 4. HP: 36/38 MP: 6/6
  1089 | D:2      | Reached skill level 4 in Maces & Flails
  1445 | D:3      | Killed from afar by an orc priest

Illustrated notes

Levels and vault maps discovered:
D:1:      amcnicky_arrival_wind_blow, layout_rooms,
          chequers_serial_rivers_small_b
D:2:      layout_rooms, basic_altar, serial_shops, shop, serial_park_tiny_1,
          chequers_serial_rivers_micro_e
D:3:      layout_basic, grunt_gozag_breadcrumbs,
          mainiacjoe_overflow_tiny_flanked,
          hellmonk_ecumenical_altar_heavens_door, skrybe_limestone_x

Skill      XL: |  1  2  3  4 |
---------------+-------------+-----
Maces & Flails | 2 3 4 |  4.1
Fighting       | 2 |  2.0
Throwing       | |  0.8
Armour         | |  1.7
Dodging        | |  1.3
Spellcasting   | |  1.7
Translocations | |  3.2

Action                     |  1- 3 |  4- 6 || total
---------------------------+-------+-------++-------
  Melee: Mace              |   128 |    36 ||   164
         Tailslap          |    15 |     4 ||    19
    Use: Scroll            |     5 |       ||     5
         Potion            |       |     2 ||     2
 Armour: Leather armour    |    88 |       ||    88
         Chain mail        |     8 |    25 ||    33
  Dodge: Dodged            |    73 |    10 ||    83

Table legend: (Time is in decaauts)
 A = Elapsed time spent in this place.
 B = Non-inter-level travel time spent in this place.
 C = Inter-level travel time spent in this place.
 D = Time resting spent in this place.
 E = Time spent auto-exploring this place.
 F = Levels seen in this place.
 G = Mean time per level.
                   A        B        C        D        E       F      G
               +--------+--------+--------+--------+--------+-----+--------+
         Total |   1485 |   1457 |     28 |     93 |   1004 |   3 |  495.0 |
       Dungeon |   1485 |   1457 |     28 |     93 |   1004 |   3 |  495.0 |
               +--------+--------+--------+--------+--------+-----+--------+

Top non-repeatable levels by time:
     D:2: 803 daAuts
     D:1: 591 daAuts
     D:3: 90 daAuts
